 Dungeon Crawl Stone Soup version 0.28.0 (webtiles) character file.

Game seed: 1334066083158869404

30 HallandMoats the Skirmisher (level 3, -1/33 HPs)
             Began as a Ghoul Monk on Feb 12, 2022.
             Slain by a gnoll (6 damage)
             ... on level 2 of the Dungeon.
             The game lasted 00:01:26 (1362 turns).

HallandMoats the Skirmisher (Ghoul Monk)            Turns: 1362, Time: 00:01:26

Health: -1/33      AC:  2    Str: 16    XL:     3   Next: 20%
Magic:  2/2        EV: 12    Int:  5    God:
Gold:   72         SH:  0    Dex: 11    Spells: 2/2 levels left

rFire   . . .      SeeInvis .     - Unarmed
rCold   + . .      Faith    .   (no shield)
rNeg    + + +      Spirit   .   a - +0 robe
rPois   ∞          Reflect  .   (no helmet)
rElec   .          Harm     .   (no cloak)
rCorr   .          Rampage  .   (no gloves)
Will    .....                   (no boots)
Stlth   ++........              (no amulet)
HPRegen 0.00/turn               (no ring)
MPRegen 0.08/turn               (no ring)

@: inhibited regen
A: claws 1, cold resistance 1, negative energy resistance 3, inhibited
regeneration, torment resistance 2
a: no special abilities


You were on level 2 of the Dungeon.
You visited 1 branch of the dungeon, and saw 2 of its levels.

You collected 72 gold pieces.

Inventory:

Armour
 a - a +0 robe (worn)
Scrolls
 b - a scroll of fear {unknown}
 c - a scroll of vulnerability {unknown}


   Skills:
 * Level 3.7 Fighting
 + Level 0.6 Armour
 + Level 2.9 Dodging
 - Level 2.1 Stealth
 * Level 3.6 Unarmed Combat
 + Level 1.1 Invocations


You had 2 spell levels left.
You didn't know any spells.
Your spell library was empty.

Dungeon Overview and Level Annotations

Branches:
Dungeon (2/15)

Altars:

Shops:
D:1 =


Innate Abilities, Weirdness & Mutations

You thrive by killing the living.
You are immune to poison.
You have sharp fingernails.
Your flesh is cold resistant. (rC+)
You are immune to negative energy. (rN+++)
You do not regenerate when monsters are visible.
You are immune to unholy pain and torment.


Message History

There are monsters nearby!
The gnoll misses you.
The gnoll throws a boomerang.
The boomerang hits you.
The gnoll throws a boomerang.
The boomerang misses you.
Things that are here:
a +0 dagger; a +0 hunting sling; 17 stones The gnoll throws a boomerang.
The boomerang hits you.
The gnoll throws a boomerang.
The boomerang hits you.
* * * LOW HITPOINT WARNING * * *
The gnoll throws a boomerang.
The boomerang hits you.
* * * LOW HITPOINT WARNING * * *
You see here a +2 dagger of holy wrath.
The gnoll throws a boomerang.
The boomerang hits you.
* * * LOW HITPOINT WARNING * * *
There is a stone staircase leading up here.
You climb upwards.
There is a stone staircase leading down here.
You start resting.
HP restored.
Search for what [? for help]? armor You climb downwards.
There is a stone staircase leading up here.
The gnoll shouts!
The gnoll throws a boomerang.
The boomerang hits you. The gnoll completely misses you.
You scratch the gnoll.
The gnoll is moderately wounded.
The gnoll hits you from afar with a +0 spear!
The gnoll hits you with a +0 spear.
You scratch the gnoll but do no damage.
The gnoll is moderately wounded.
The gnoll hits you from afar with a +0 spear.
The gnoll completely misses you.
You scratch the gnoll.
The gnoll is heavily wounded.
The gnoll hits you from afar with a +0 spear.
* * * LOW HITPOINT WARNING * * *
The gnoll barely misses you.
The gnoll hits you from afar with a +0 spear.
You die...

..............#.##.##.##
#######.#####..#######..
#.# #.#.## ##.##
##.#####.##.###.##
#............#.##
########<.#####.####.##
..........# #......#
################.#
########
..).....########@#
#######......gg..#
############


You could see 2 gnolls.

Vanquished Creatures
  An adder (D:2)
  2 endoplasms (D:1)
  2 goblins
  2 hobgoblins
  2 quokkas (D:1)
  4 ball pythons (D:1)
  2 bats (D:1)
  4 frilled lizards (D:1)
  2 kobolds (D:1)
  A rat (D:1)
22 creatures vanquished.

Notes
Turn   | Place    | Note
-------+----------+-------------------------------------------
     0 | D:1      | HallandMoats the Ghoul Monk began the quest for the Orb.
     0 | D:1      | Reached XP level 1. HP: 19/19 MP: 0/0
   195 | D:1      | Reached XP level 2. HP: 26/26 MP: 1/1
   604 | D:1      | Found Xinkid's Jewellery Boutique.
   863 | D:2      | Reached skill level 1 in Invocations
   863 | D:2      | Reached XP level 3. HP: 25/33 MP: 2/2
  1362 | D:2      | Slain by a gnoll

Illustrated notes

Levels and vault maps discovered:
D:1:      sevenhm_arrival_forest_fort_small_6, layout_basic, serial_shops, shop,
          nicolae_concentric_dashed_squares_mild
D:2:      layout_loops_ring, kennysheep_doodads, grunt_decor_resistance,
          uniq_jessica

Skill      XL: |  1  2 |
---------------+-------+-----
Invocations    | 1 |  1.1
Fighting       | |  3.7
Armour         | |  0.6
Dodging        | |  2.9
Stealth        | |  2.1
Unarmed Combat | |  3.6

Action                   || total
-------------------------++-------
Melee: Unarmed           ||    66
       Punch             ||     2
 Stab: Sleeping          ||     2
Armor: Robe              ||     7
Dodge: Dodged            ||    37
